 Seeded DCSS version 0.29.1-15-g9cfb28693d (webtiles) character file.

Game seed: 1019281591211795276 (custom seed)

80 bmack86 the Shield-Bearer (level 4, -1/40 HPs)
             Began as a Minotaur Fighter on Apr 12, 2023.
             Slain by Grinder (3 damage)
             ... on level 3 of the Dungeon.
             The game lasted 00:04:44 (2331 turns).

bmack86 the Shield-Bearer (Minotaur Fighter)        Turns: 2331, Time: 00:04:45

Health: -1/40      AC:  9    Str: 22    XL:     4   Next: 18%
Magic:  3/3        EV:  7    Int:  5    God:
Gold:   123        SH:  4    Dex: 10    Spells: 3/3 levels left

rFire   . . .      SeeInvis .   a - +0 war axe
rCold   . . .      Faith    .   c - +0 buckler
rNeg    . . .      Spirit   .   i - +0 chain mail
rPois   .          Reflect  .   (helmet restricted)
rElec   .          Harm     .   (no cloak)
rCorr   .          Rampage  .   (no gloves)
Will    .....                   (no boots)
Stlth   ..........              (no amulet)
HPRegen 0.13/turn               (no ring)
MPRegen 0.08/turn               (no ring)

@: no status effects
A: horns 2, retaliatory headbutt
a: no special abilities


You were on level 3 of the Dungeon.
You visited 1 branch of the dungeon, and saw 3 of its levels.

You collected 193 gold pieces.
You spent 70 gold pieces at shops.

Inventory:

Hand Weapons
 a - a +0 war axe (weapon)
Armour
 b - a +0 scale mail
 c - a +0 buckler (worn)
 i - a +0 chain mail (worn)
Scrolls
 e - 4 scrolls of acquirement {unknown}
 f - a scroll of fear {unknown}
 h - a scroll of magic mapping {unknown}
 k - 3 scrolls of teleportation
 l - a scroll of immolation {unknown}
 m - a scroll of enchant weapon {unknown}
Potions
 d - a potion of might
 g - a potion of haste
 j - 2 potions of curing {unknown}
 n - a potion of magic


   Skills:
 + Level 4.2 Fighting
 * Level 3.9 Axes
 + Level 4.2 Armour
 + Level 4.3 Shields


You had 3 spell levels left.
You didn't know any spells.
Your spell library contained the following spells:

 Spells                   Type           Power      Damage    Failure   Level
 Apportation              Tloc           0%         N/A       99%         1
 Necrotise                Necr           0%         1d4       99%         1
 Summon Small Mammal      Summ           0%         N/A       99%         1
 Ensorcelled Hibernation  Hex/Ice        0%         N/A       100%        2
 Spider Form              Tmut/Pois      0%         N/A       100%        3
 Anguish                  Hex/Necr       0%         N/A       100%        4


Dungeon Overview and Level Annotations

Branches:
Dungeon (3/15)

Altars:

Shops:
D:2 ?

Annotations:
D:3 2 transporters, GasterBasher's ghost, amateur OpTm; Grinder


Innate Abilities, Weirdness & Mutations

You have a pair of horns on your head.
You reflexively headbutt those who attack you in melee.


Message History

There is a stone staircase leading down here.
You hit the hobgoblin but do no damage. You block the hobgoblin's attack.
The hobgoblin hits you but does no damage.
You closely miss the hobgoblin. Your headbutt misses the hobgoblin.
The hobgoblin barely misses you.
You closely miss the hobgoblin.
The hobgoblin hits you but does no damage.
You block the hobgoblin's attack.
You barely miss the hobgoblin. You block the hobgoblin's attack.
You slash the hobgoblin!
You kill the hobgoblin!
You now have 123 gold pieces (gained 18).
You see here a +0 club.
A rat comes into view.
The rat bites you but does no damage.
You hit the rat.
You kill the rat!
You see here a rat corpse.
There is a stone staircase leading up here.
There is a stone staircase leading up here.
Grinder comes into view.
Grinder shouts!
You hear a shout!
Grinder blinks!
Grinder moves out of view.
Grinder gestures at you. Pain shoots through your body!
Grinder gestures at you. You resist with significant effort. Grinder hits you.
You writhe in agony.
You barely miss Grinder. Your headbutt misses Grinder. Grinder gestures at you.
Pain shoots through your body!
You hit Grinder but do no damage. Grinder hits you!
* * * LOW HITPOINT WARNING * * *
You writhe in agony.
* * * LOW HITPOINT WARNING * * *
You barely miss Grinder. Your headbutt misses Grinder.
Grinder hits you but does no damage. Grinder hits you.
* * * LOW HITPOINT WARNING * * *
You writhe in agony.
You die...

##......#
#.......####
#...........
#####.#..####
#........#
#.#####..#####
#.#####..#...
#.#......#.###.#
#.#.###....@5..#
#...#
#####......#
##### ######.#


You could see Grinder.

Vanquished Creatures
  2 adders (D:3)
  A dart slug (D:3)
  8 ball pythons
  5 bats
  5 endoplasms
  4 giant cockroaches
  6 goblins
  4 hobgoblins
  7 kobolds
  2 quokkas
  8 frilled lizards
  6 rats
58 creatures vanquished.

Vanquished Creatures (others)
  10 fungi (D:1)
  9 plants
19 creatures vanquished.

Grand Total: 77 creatures vanquished

Notes
Turn   | Place    | Note
-------+----------+-------------------------------------------
     0 | D:1      | bmack86 the Minotaur Fighter began the quest for the Orb.
     0 | D:1      | Reached XP level 1. HP: 19/19 MP: 0/0
   301 | D:1      | Reached XP level 2. HP: 27/27 MP: 1/1
   348 | D:1      | Found a faded altar of an unknown god.
   804 | D:1      | Reached XP level 3. HP: 30/33 MP: 2/2
  1454 | D:2      | Found Seuseagikh's Magic Scroll Shoppe.
  1586 | D:2      | Bought a scroll of identify for 28 gold pieces
  1586 | D:2      | Bought a scroll of teleportation for 42 gold pieces
  1968 | D:3      | Reached XP level 4. HP: 34/40 MP: 3/3
  2011 | D:3      | Found a transporter.
  2086 | D:3      | Found a transporter.
  2101 | D:3      | Noticed GasterBasher's ghost (amateur OpTm)
  2322 | D:3      | Noticed Grinder
  2331 | D:3      | HP: 2/40 [Grinder (4)]
  2331 | D:3      | Slain by Grinder

Illustrated notes

Levels and vault maps discovered:
D:1:      wander_arrival_lonely_grave, layout_basic,
          shapermc_ecumenical_altar_hornbeckon, minmay_small_reverse_x
D:2:      layout_rooms, serial_shops, nicolae_shop_advertising_works
          [nicolae_subvault_shop_adworks]
D:3:      layout_basic, gammafunk_ghost_gnarly_gnolls, uniq_grinder

Skill      XL: |  1  2 |
---------------+-------+-----
Axes           | 3 |  3.9
Armour         | 4 |  4.2
Shields        | 4 |  4.3
Fighting       | 4 |  4.2

Action                   |  1- 3 |  4- 6 || total
-------------------------+-------+-------++-------
Melee: War axe           |   125 |    13 ||   138
       Headbutt          |    12 |     1 ||    13
  Use: Scroll            |     2 |       ||     2
Armor: Scale mail        |     8 |       ||     8
       Chain mail        |    57 |     7 ||    64
Dodge: Dodged            |    61 |     2 ||    63
Block: Buckler           |    33 |     3 ||    36
